 Dungeon Sprint DCSS version 0.21-a0-110-g8e1637b (webtiles) character file.

2090 Kidiri the Covert (level 9, -1/46 HPs)
             Began as a Spriggan Enchanter on July 8, 2017.
             Was an Initiate of Dithmenos.
             Shot with a bolt by a yaktaur (9 damage)
             ... in the Dungeon (Sprint II: "The Violet Keep of Menkaure").
             The game lasted 00:06:05 (719 turns).

Kidiri the Covert (Spriggan Enchanter)               Turns: 719, Time: 00:06:06

Health: -1/46      AC:  2    Str:  4    XL:     9   Next: 6%
Magic:  12/24      EV: 28    Int: 18    God:    Dithmenos [......]
Gold:   362        SH:  6    Dex: 18    Spells: 16/28 levels left

rFire    . . .     SeeInvis +   a - +1 dagger
rCold    . . .     Gourm    .   k - +0 buckler
rNeg     . . .     Faith    .   b - +0 robe
rPois    .         Spirit   .   (helmet restricted)
rElec    .         Reflect  .   (no cloak)
rCorr    .         Harm     .   (gloves unavailable)
MR       +....     NoTele   +   (boots unavailable)
Stlth    ++++++....             (no amulet)
HPRegen  0.15/turn              (no ring)
MPRegen  0.19/turn              (no ring)

@: very quick
A: unfitting armour, see invisible, herbivore 3, speed 3, slow metabolism 2
a: Renounce Religion


You were in the Dungeon.
You worshipped Dithmenos.
Dithmenos was noncommittal.
You were not hungry.

You visited 1 branch You collected 972 gold pieces.
You spent 610 gold pieces at shops.

Inventory:

Hand Weapons
 a - a +1 dagger (weapon)
Armour
 b - a +0 robe (worn)
 k - a +0 buckler (worn)
Jewellery
 i - the amulet of Filusom {Reflect Dex+5 SH+4}
   (You bought it in a shop in the Dungeon)

   [amulet of reflection]

   It shields you and reflects attacks.
   It affects your dexterity (+5).
   It affects your SH (+4).
Scrolls
 j - a scroll of blinking
Potions
 f - a potion of degeneration {unknown}
 g - a potion of haste
 h - 2 potions of magic
Books
 c - a book of Maledictions

   Spells                             Type                      Level
   a - Corona                         Hexes                        1
   b - Ensorcelled Hibernation        Hexes/Ice                    2
   c - Confuse                        Hexes                        3
   d - Tukima's Dance                 Hexes                        3
   e - Dazzling Spray                 Conjuration/Hexes            3
Comestibles
 d - a bread ration


   Skills:
 + Level 4.7 Fighting
 * Level 9.2 Short Blades
 + Level 4.2 Armour
 * Level 12.1 Dodging
 * Level 13.2 Stealth
 + Level 0.8 Shields
 * Level 10.4 Spellcasting
 + Level 2.9 Conjurations
 + Level 8.0 Hexes
 + Level 3.2 Ice Magic
 + Level 1.2 Invocations


You had 16 spell levels left.
You knew the following spells:

 Your Spells              Type           Power        Failure   Level  Hunger
a - Corona                Hex            #####..      1%          1    None
b - Ensorcelled Hibernat  Hex/Ice        ####..       1%          2    None
c - Confuse               Hex            #####...     1%          3    None
d - Tukima's Dance        Hex            #####...     1%          3    None
e - Dazzling Spray        Conj/Hex       ####..       3%          3    None


Dungeon Overview and Level Annotations

Branches:
Dungeon (1/1)

Altars:
Cheibriados
Dithmenos
Elyvilon
Fedhas
Gozag
Hepliaklqana
Kikubaaqudgha
Makhleb
Nemelex Xobeh
Okawaru
Qazlal
Ru
Sif Muna
Trog
Uskayaw
Vehumet
Wu Jian
Xom
Yredelemnul
Zin
The Shining One
Beogh
Jiyva
Lugonu

Shops:
D ::*!(%?=[[(=}!(:

Annotations:
D exclusion: oklob plant


Innate Abilities, Weirdness & Mutations

You are very small and have problems with some larger weapons.
You are too small for most types of armour.
You have supernaturally acute eyesight. (SInv)
You are a herbivore.
You cover ground extremely quickly.
You need consume almost no food.


Message History

Unknown command.
Casting: Ensorcelled Hibernation
Confirm with . or Enter, or press ? or * to list all spells.
Aiming: Ensorcelled Hibernation
Press: ? - help, Shift-Dir - straight line, f/p - hornet
Aim: a hornet (chance to defeat MR: 48%)
The hornet looks drowsy...
The helpless hornet fails to defend itself.
You stick the hornet like a pincushion!!!!
You kill the hornet!
Dithmenos accepts your kill.
Your Dodging skill increases to level 12!
Your Hexes skill increases to level 8!
Your Invocations skill increases to level 1!
You have reached level 9!
Your experience leads to an increase in your attributes!
Increase (S)trength, (I)ntelligence, or (D)exterity?
You feel clever.
The yaktaur wields an arbalest.
The yaktaur shoots a bolt.
The bolt hits you!
You die... ≈....# +##..# #. ..# .#### +.### #..# ...# ...# ## ######..## #..# $# )?!((

+###.##..# +..# .#▓()!((?
.##...#..# #..# c#▓![[$)![
<.+.##+..####..##†#▓)$[???!
.##...#....###†.@##▓▓▓▓▓▓▓+
+###.##..§§..≈≈≈≈≈≈≈≈≈≈≈≈≈
#.####≈≈.....≈#'########+###
##.#≈≈≈§§≈≈..≈#_._.....#§§≈#
#.##≈≈≈≈≈≈≈≈.≈#._h_....#§§≈≈
+##≈≈≈≈≈≈≈≈≈≈≈#_._._...#≈≈§≈
≈≈≈≈≈≈§§≈§≈≈≈≈#._._._..#§§t§
#+++#§≈§§§≈≈≈≈#_._._._.#t§§≈
≈≈§ ##§§≈###§§#._._._._#§§§§


You could see a polar bear (confused) and a yaktaur.

Vanquished Creatures
  A merfolk siren (D)
  A polar bear (D)
  A hornet (D)
  2 hippogriffs (D)
  4 neqoxecs (D)
  A vampire mosquito (D)
  4 necrophages (D)
  A crocodile (D)
15 creatures vanquished.

Vanquished Creatures (others)
  Menkaure (D)
  A crocodile (D)
2 creatures vanquished.

Grand Total: 17 creatures vanquished

Notes
Turn   | Place    | Note
-------+----------+-------------------------------------------
     0 | D        | Kidiri the Spriggan Enchanter began the quest for the Orb.
     0 | D        | Reached XP level 1. HP: 9/9 MP: 5/5
     1 | D        | Noticed a neqoxec
     4 | D        | Noticed a necrophage
     4 | D        | Noticed a necrophage
     4 | D        | Noticed a necrophage
     4 | D        | Noticed a necrophage
     7 | D        | Noticed a hippogriff
     7 | D        | Noticed a hippogriff
    10 | D        | Noticed a merfolk siren
    18 | D        | Killed a necrophage
    18 | D        | Reached skill level 1 in Fighting
    18 | D        | Reached skill level 1 in Armour
    18 | D        | Reached skill level 5 in Dodging
    18 | D        | Reached skill level 6 in Stealth
    18 | D        | Reached skill level 5 in Spellcasting
    18 | D        | Reached XP level 2. HP: 14/14 MP: 6/9
    18 | D        | Reached XP level 3. HP: 17/17 MP: 6/10
    18 | D        | Reached XP level 4. HP: 22/22 MP: 7/12
    19 | D        | Killed a crocodile
    24 | D        | Killed a necrophage
    24 | D        | Reached skill level 5 in Short Blades
    24 | D        | Reached skill level 8 in Stealth
    24 | D        | Reached skill level 5 in Hexes
    24 | D        | Reached XP level 5. HP: 26/26 MP: 7/14
    35 | D        | Killed a necrophage
    35 | D        | Reached skill level 9 in Stealth
    63 | D        | Killed Menkaure
    66 | D        | Killed a necrophage
    66 | D        | Reached XP level 6. HP: 22/31 MP: 11/17
    90 | D        | Learned a level 2 spell: Ensorcelled Hibernation
    94 | D        | Learned a level 3 spell: Confuse
    98 | D        | Learned a level 3 spell: Tukima's Dance
   102 | D        | Learned a level 3 spell: Dazzling Spray
   164 | D        | Killed a hippogriff
   164 | D        | Reached skill level 10 in Stealth
   164 | D        | Reached skill level 1 in Conjurations
   164 | D        | Reached skill level 1 in Ice Magic
   176 | D        | Killed a hippogriff
   176 | D        | Reached skill level 10 in Dodging
   176 | D        | Reached skill level 11 in Stealth
   176 | D        | Reached XP level 7. HP: 36/36 MP: 15/20
   191 | D        | Killed a merfolk siren
   191 | D        | Reached XP level 8. HP: 41/41 MP: 18/22
   227 | D        | Reached skill level 12 in Stealth
   284 | D        | Reached skill level 10 in Spellcasting
   508 | D        | Found Dogei's Book Shoppe.
   538 | D        | Found Epleitob's Antique Weapon Emporium.
   539 | D        | Found Hixumini's Gadget Shoppe.
   540 | D        | Found Mifuas's Antique Armour Shoppe.
   540 | D        | Found Xouloef's Antique Armour Emporium.
   540 | D        | Found Fejevir's Jewellery Shoppe.
   548 | D        | Found Pafrapn's Food Emporium.
   548 | D        | Found Lefoh's Weapon Shoppe.
   597 | D        | Found Piposh's Jewellery Shoppe.
   597 | D        | Found Paamacota's Distillery.
   598 | D        | Found Tounoodo's Assorted Antiques.
   598 | D        | Found Pydonomn's Book Emporium.
   599 | D        | Found Guukh's Distillery.
   599 | D        | Found Xoroc's Magic Scroll Emporium.
   600 | D        | Found Byesufon's Antique Weapon Emporium.
   603 | D        | Noticed an oklob plant
   604 | D        | Found Neckella's Book Shoppe.
   636 | D        | Bought the amulet of Filusom {Reflect Dex+5 SH+4} for 534 gold pieces
   639 | D        | Bought a buckler for 76 gold pieces
   676 | D        | Found an iron altar of Okawaru.
   676 | D        | Found a radiant altar of Vehumet.
   676 | D        | Found a glowing silver altar of Zin.
   677 | D        | Found a sparkling altar of Nemelex Xobeh.
   677 | D        | Found a hide-covered altar of Uskayaw.
   677 | D        | Found a basalt altar of Yredelemnul.
   678 | D        | Found an opulent altar of Gozag.
   678 | D        | Found a burning altar of Makhleb.
   678 | D        | Found a bloodstained altar of Trog.
   679 | D        | Found a blossoming altar of Fedhas.
   679 | D        | Found a corrupted altar of Lugonu.
   679 | D        | Found a deep blue altar of Sif Muna.
   680 | D        | Found a white marble altar of Elyvilon.
   680 | D        | Found an ancient bone altar of Kikubaaqudgha.
   681 | D        | Found a shadowy altar of Dithmenos.
   681 | D        | Found a viscous altar of Jiyva.
   682 | D        | Found a snail-covered altar of Cheibriados.
   684 | D        | Found a roughly hewn altar of Beogh.
   684 | D        | Found a shimmering altar of Xom.
   684 | D        | Found a sacrificial altar of Ru.
   684 | D        | Found a hazy altar of Hepliaklqana.
   684 | D        | Noticed a hornet
   684 | D        | Noticed a polar bear
   685 | D        | Found a glowing golden altar of the Shining One.
   685 | D        | Found an ornate altar of the Wu Jian Council.
   685 | D        | Found a stormy altar of Qazlal.
   685 | D        | Noticed a yaktaur
   690 | D        | Became a worshipper of Dithmenos the Shadowed
   697 | D        | Noticed a polar bear
   698 | D        | Noticed a polar bear
   704 | D        | Killed a polar bear
   704 | D        | Reached skill level 13 in Stealth
   713 | D        | Paralysed by a hornet for 2 turns
   719 | D        | Killed a hornet
   719 | D        | Reached skill level 1 in Invocations
   719 | D        | Reached XP level 9. HP: 8/46 MP: 12/24
   719 | D        | Shot with a bolt by a yaktaur

Vault maps used:
D:        the_violet_keep_of_menkaure

Skill      XL: |  1  2  3  4  5  6  7  8 |
---------------+-------------------------+-----
Fighting       | 1 2 3 4 |  4.7
Short Blades   | 3 5 6 7 9 |  9.2
Armour         | 1 2 3 4 |  4.2
Dodging        | 5 7 8 10 12 | 12.1
Stealth        | 6 8 9 11 13 | 13.2
Spellcasting   | 5 6 7 8 9 10 | 10.4
Hexes          | 4 5 6 7 8 |  8.0
Conjurations   | 1 2 |  2.9
Ice Magic      | 1 2 3 |  3.2
Invocations    | 1 |  1.2
Shields        | |  0.8

Action                   |  1- 3 |  4- 6 |  7- 9 || total
-------------------------+-------+-------+-------++-------
Melee: Dagger            |     3 |    46 |    29 ||    78
 Cast: Corona            |       |     3 |       ||     3
       Ensorcelled Hiber |       |     2 |    10 ||    12
       Dazzling Spray    |       |       |     7 ||     7
       Confuse           |       |       |     4 ||     4
  Use: Potion            |     1 |     1 |     1 ||     3
 Stab: Sleeping          |       |     2 |     3 ||     5
       Confused          |       |       |     4 ||     4
       Invisible         |       |       |     3 ||     3
Armor: Robe              |       |     1 |     2 ||     3
Dodge: Dodged            |       |    41 |    40 ||    81
Block: Buckler           |       |       |     3 ||     3
